Minnesota North Stars vs Washington Capitals
Created - Saturday, August 17, 2024 at 07:30
Goals
|
| Minnesota North Stars |
0 |
0 |
2 |
2 |
| Washington Capitals |
1 |
0 |
0 |
1 |
|
Shots
|
| Minnesota North Stars |
11 |
8 |
14 |
33 |
| Washington Capitals |
18 |
9 |
8 |
35 |
|
1st period
1. Washington Capitals , Owen Tippett 2 (Drake Batherson 1, Michael McLeod 1) at 13:52
Penalties :
Jamie Oleksiak (WSH) for Tripping (Minor) at 1:40, Rasmus Dahlin (MNS) for Tripping (Minor) at 17:13
2nd period
No Goal
Penalties :
Drake Batherson (WSH) for Slashing (Minor) at 1:13, Ian Cole (WSH) for Interference (Minor) at 6:45, Evgeni Malkin (MNS) for Roughing (Minor) at 14:31
3rd period
2. Minnesota North Stars , Frank Vatrano 2 (Valeri Nichushkin 3, Brandon Montour 2) at 10:27
3. Minnesota North Stars , Evan Rodrigues 1 (William Eklund 1, Viktor Arvidsson 2) at 19:28
Penalties :
Evan Rodrigues (MNS) for Slashing (Minor) at 2:54, Ian Cole (WSH) for Hooking (Minor) at 15:24
Goalie Stats
Stuart Skinner (MNS), 34 saves from 35 shots - (0.971), W, 1-1-0, 60:00 minutes
Jake Oettinger (WSH), 31 saves from 33 shots - (0.939), L, 1-1-0, 59:40 minutes
Players Stats for Minnesota North Stars
Player Name G A P +/- PIM S H SB GA TA FO MP PP MP PK MP
------------------------------------------------------------------------------------
Brandon Montour 0 1 1 1 0 0 3 2 0 1 0/0 17:30 3:53 0:00
Brock Nelson 0 0 0 -1 0 1 0 0 0 1 0/2 17:16 4:00 0:00
Dylan DeMelo 0 0 0 0 0 2 1 1 0 0 0/0 20:00 0:00 3:15
Evan Rodrigues 1 0 1 1 2 3 0 0 0 0 1/7 8:14 0:00 0:00
Evgeni Malkin 0 0 0 -1 2 2 0 0 0 0 5/14 16:55 3:56 0:00
Frank Vatrano 1 0 1 1 0 3 0 0 0 0 1/2 19:58 3:56 2:53
Gustav Forsling 0 0 0 1 0 0 1 2 0 0 0/0 20:54 3:53 2:42
Jack Hughes 0 0 0 0 0 4 1 1 0 0 6/9 14:53 4:00 0:00
Lawson Crouse 0 0 0 -1 0 1 3 0 0 1 0/1 15:57 0:00 2:50
Neal Pionk 0 0 0 0 0 0 2 1 0 1 0/0 22:43 4:03 3:15
Rasmus Dahlin 0 0 0 0 2 2 1 1 1 0 0/0 19:10 4:03 0:00
Ryan Nugent-Hopkins 0 0 0 0 0 3 1 2 0 0 2/3 14:47 0:00 2:51
Samuel Girard 0 0 0 0 0 0 2 2 0 0 0/0 19:47 0:00 2:42
Valeri Nichushkin 0 1 1 1 0 2 0 1 0 0 0/3 17:45 4:00 0:05
Viktor Arvidsson 0 1 1 1 0 2 0 0 0 0 0/1 11:30 3:56 0:00
William Eklund 0 1 1 1 0 4 0 0 0 0 0/0 8:58 0:00 0:00
William Karlsson 0 0 0 1 0 3 2 0 0 0 14/19 15:47 0:00 2:50
Yegor Sharangovich 0 0 0 0 0 1 0 0 0 0 0/0 11:56 0:00 0:25
Players Stats for Washington Capitals
Player Name G A P +/- PIM S H SB GA TA FO MP PP MP PK MP
------------------------------------------------------------------------------------
Alex Ovechkin 0 0 0 0 0 8 0 0 0 0 1/1 18:21 3:36 0:00
Brad Marchand 0 0 0 -1 0 4 1 0 1 0 0/1 16:09 0:00 4:06
David Savard 0 0 0 -1 0 1 0 3 0 0 0/0 22:11 2:15 4:37
Derek Ryan 0 0 0 0 0 0 2 0 0 0 1/2 9:38 0:00 2:18
Drake Batherson 0 1 1 0 2 3 1 0 0 0 0/0 11:37 0:00 0:00
Fabian Zetterlund 0 0 0 0 0 3 1 0 0 0 0/1 10:29 0:00 2:49
Ian Cole 0 0 0 0 4 0 0 2 0 0 0/0 15:30 0:00 2:16
Jamie Oleksiak 0 0 0 0 2 2 2 0 0 0 0/0 20:32 0:00 3:16
Jason Robertson 0 0 0 0 0 2 1 0 1 0 0/3 18:21 3:36 0:00
John Carlson 0 0 0 -1 0 2 1 4 0 0 0/0 21:41 3:42 0:00
Jordan Kyrou 0 0 0 -1 0 1 0 0 1 0 0/0 14:04 2:21 0:00
Michael McLeod 0 1 1 0 0 1 1 2 0 0 12/15 16:13 0:00 3:54
Nick Foligno 0 0 0 -1 0 0 2 0 0 0 5/11 15:50 2:21 1:46
Nico Hischier 0 0 0 0 0 3 3 1 0 0 13/26 18:21 3:36 0:00
Owen Tippett 1 0 1 0 0 2 0 0 0 0 0/1 14:00 2:21 0:00
Thomas Harley 0 0 0 0 0 3 0 2 1 1 0/0 20:28 3:42 2:13
Vladislav Gavrikov 0 0 0 0 0 0 0 0 0 0 0/0 20:20 2:15 3:30
Yegor Chinakhov 0 0 0 0 0 0 0 0 0 0 0/0 8:15 0:00 0:59
3 Stars
1 - Stuart Skinner (MNS)
2 - Frank Vatrano (MNS)
3 - Brandon Montour (MNS)
Power Play
Minnesota North Stars - 0 on 4 Attempt(s) - 0.00%
Washington Capitals - 0 on 3 Attempt(s) - 0.00%
Penalty Kill
Minnesota North Stars - 3 on 3 Attempt(s) - 100.00%
- Score 0 goal in Penalty Kill
Washington Capitals - 4 on 4 Attempt(s) - 100.00%
- Score 0 goal in Penalty Kill
Team Stat
Minnesota North Stars - Hits : 17 - Faceoff Wins : 29 - Blocked Shots : 13 - Penalty Minutes : 6
Washington Capitals - Hits : 15 - Faceoff Wins : 32 - Blocked Shots : 14 - Penalty Minutes : 8
Official
Referees : Ian Walsh and Cody Beach
Linesman : Kilian McNamara and Bryan Pancich
Game Notes
No Game Note
Finance
Level 1 -- Attendance: 6000 (100.00%) -- Ticket Income $570,000
Level 2 -- Attendance: 4834 (96.68%) -- Ticket Income $265,870
Level 3 -- Attendance: 3000 (100.00%) -- Ticket Income $99,000
Level 4 -- Attendance: 5000 (100.00%) -- Ticket Income $110,000
Luxury Box -- Attendance: 920 (92.00%) -- Ticket Income $179,400
Game was played at the Verizon Center.
Total Attendance: 19754 (98.77%)
Total Ticket Income: $1,224,270
Other Income: $428,494
Total Income: $1,652,764
Minnesota North Stars
5 vs 5 Forward
Center Left Wing Right Wing Time % Phy DF OF
1 William Karlsson Valeri Nichushkin Frank Vatrano 30 1 2 2
2 Evgeni Malkin Brock Nelson Lawson Crouse 30 1 2 2
3 Jack Hughes Ryan Nugent-Hopkins Yegor Sharangovich 25 1 2 2
4 Evan Rodrigues William Eklund Viktor Arvidsson 15 1 2 2
5 vs 5 Defense
Defense Defense Time % Phy DF OF
1 Rasmus Dahlin Neal Pionk 34 1 2 2
2 Gustav Forsling Brandon Montour 33 1 2 2
3 Dylan DeMelo Samuel Girard 33 1 2 2
4 Rasmus Dahlin Neal Pionk 0 1 2 2
PowerPlay Forward
Center Left Wing Right Wing Time % Phy DF OF
1 Jack Hughes Brock Nelson Valeri Nichushkin 50 1 1 3
2 Evgeni Malkin Viktor Arvidsson Frank Vatrano 50 1 1 3
PowerPlay Defense
Defense Defense Time % Phy DF OF
1 Rasmus Dahlin Neal Pionk 50 1 2 2
2 Gustav Forsling Brandon Montour 50 1 2 2
Penalty Kill 4 Players Forward
Center Wing Time % Phy DF OF
1 William Karlsson Lawson Crouse 50 1 3 1
2 Ryan Nugent-Hopkins Frank Vatrano 50 1 3 1
Penalty Kill 4 Players Defense
Defense Defense Time % Phy DF OF
1 Dylan DeMelo Neal Pionk 50 2 2 1
2 Gustav Forsling Samuel Girard 50 2 2 1
Penalty Kill - 3 Players Forward
Forward Time % Phy DF OF
1 William Karlsson 50 1 3 1
2 Ryan Nugent-Hopkins 50 1 3 1
Penalty Kill - 3 Players Defense
Defense Defense Time % Phy DF OF
1 Dylan DeMelo Neal Pionk 50 2 2 1
2 Gustav Forsling Samuel Girard 50 2 2 1
4 vs 4 Forward
Center Wing Time % Phy DF OF
1 Valeri Nichushkin Lawson Crouse 50 1 2 2
2 Evgeni Malkin Jack Hughes 50 1 2 2
4 vs 4 Defense
Defense Defense Time % Phy DF OF
1 Rasmus Dahlin Neal Pionk 50 1 2 2
2 Gustav Forsling Brandon Montour 50 1 2 2
Last Minutes Offensive
Center Left Wing Right Wing Defense Defense
William Karlsson Valeri Nichushkin Frank Vatrano Rasmus Dahlin Neal Pionk
Last Minutes Defensive
Center Left Wing Right Wing Defense Defense
William Karlsson Valeri Nichushkin Frank Vatrano Rasmus Dahlin Neal Pionk
Goaltenders
Starting : Stuart Skinner
Backup : Charlie Lindgren
Extra Forwards
Normal : William Eklund, Ryan Nugent-Hopkins, Yegor Sharangovich - PP : William Eklund, Ryan Nugent-Hopkins - PK : Yegor Sharangovich
Extra Defensemen
Normal : Dylan DeMelo, Samuel Girard, Gustav Forsling - PP : Dylan DeMelo - PK : Samuel Girard, Gustav Forsling
Penalty Shots
Valeri Nichushkin, William Karlsson, Evgeni Malkin, Jack Hughes, Brock Nelson
Scratches
Jeff Skinner (Healthy), Santtu Kinnunen (Healthy), Eeli Tolvanen (Healthy), Roni Hirvonen (Healthy), Oskari Salminen (Healthy)
Washington Capitals
5 vs 5 Forward
Center Left Wing Right Wing Time % Phy DF OF
1 Nico Hischier Alex Ovechkin Jason Robertson 40 1 1 3
2 Nick Foligno Brad Marchand Jordan Kyrou 30 1 1 3
3 Michael McLeod Drake Batherson Owen Tippett 20 1 1 3
4 Derek Ryan Yegor Chinakhov Fabian Zetterlund 10 1 1 3
5 vs 5 Defense
Defense Defense Time % Phy DF OF
1 John Carlson Jamie Oleksiak 37 2 3 0
2 David Savard Thomas Harley 35 2 3 0
3 Ian Cole Vladislav Gavrikov 28 2 3 0
4 John Carlson David Savard 0 2 3 0
PowerPlay Forward
Center Left Wing Right Wing Time % Phy DF OF
1 Nico Hischier Alex Ovechkin Jason Robertson 60 1 2 2
2 Nick Foligno Owen Tippett Jordan Kyrou 40 1 2 2
PowerPlay Defense
Defense Defense Time % Phy DF OF
1 John Carlson Thomas Harley 60 1 2 2
2 Vladislav Gavrikov David Savard 40 1 2 2
Penalty Kill 4 Players Forward
Center Wing Time % Phy DF OF
1 Michael McLeod Brad Marchand 60 1 2 2
2 Derek Ryan Fabian Zetterlund 40 1 2 2
Penalty Kill 4 Players Defense
Defense Defense Time % Phy DF OF
1 David Savard Jamie Oleksiak 60 1 2 2
2 Vladislav Gavrikov Ian Cole 40 1 2 2
Penalty Kill - 3 Players Forward
Forward Time % Phy DF OF
1 Michael McLeod 60 1 2 2
2 Derek Ryan 40 1 2 2
Penalty Kill - 3 Players Defense
Defense Defense Time % Phy DF OF
1 David Savard Jamie Oleksiak 60 1 2 2
2 Vladislav Gavrikov Ian Cole 40 1 2 2
4 vs 4 Forward
Center Wing Time % Phy DF OF
1 Nico Hischier Alex Ovechkin 60 1 2 2
2 Nick Foligno Jason Robertson 40 1 2 2
4 vs 4 Defense
Defense Defense Time % Phy DF OF
1 John Carlson Thomas Harley 60 1 2 2
2 Vladislav Gavrikov David Savard 40 1 2 2
Last Minutes Offensive
Center Left Wing Right Wing Defense Defense
Nico Hischier Alex Ovechkin Jason Robertson John Carlson Thomas Harley
Last Minutes Defensive
Center Left Wing Right Wing Defense Defense
Michael McLeod Brad Marchand Nick Foligno John Carlson Jamie Oleksiak
Goaltenders
Starting : Jake Oettinger
Backup : Sergei Bobrovsky
Extra Forwards
Normal : Owen Tippett, Drake Batherson, Jordan Kyrou - PP : Owen Tippett, Fabian Zetterlund - PK : Fabian Zetterlund
Extra Defensemen
Normal : Thomas Harley, Jamie Oleksiak, Ian Cole - PP : David Savard - PK : Jamie Oleksiak, Thomas Harley
Penalty Shots
Jason Robertson, Drake Batherson, Derek Ryan, Yegor Chinakhov, David Savard
Scratches
Erik Johnson (Healthy), Stefan Noesen (Healthy), Nick Jensen (Healthy)
% Time on Ice - Minnesota North Stars
Lines # - Real PCT - Wanted PCT - Time Play
Normal Forward
1 - 29% - 30% - 13:09
2 - 29% - 30% - 13:19
3 - 24% - 25% - 11:10
4 - 17% - 15% - 7:58
Normal Defense
1 - 32% - 34% - 14:36
2 - 31% - 33% - 14:19
3 - 36% - 33% - 16:23
4 - 1% - 0% - 0:18
PP Forward
1 - 50% - 50% - 4:00
2 - 50% - 50% - 3:56
PP Defense
1 - 51% - 50% - 4:03
2 - 49% - 50% - 3:53
PK Forward
1 - 48% - 50% - 2:52
2 - 52% - 50% - 3:05
PK Defense
1 - 55% - 50% - 3:15
2 - 45% - 50% - 2:42
PK3 Forward
1 - 0% - 50%
2 - 0% - 50%
PK3 Defense
1 - 0% - 50%
2 - 0% - 50%
44 Forward
1 - 0% - 50%
2 - 0% - 50%
44 Defense
1 - 0% - 50%
2 - 0% - 50%
Last Minute Offensive - 0:00
Last Minute Defensive - 0:31
Total
Forward - 60:00
Defense - 60:00
|
% Time on Ice - Washington Capitals
Lines # - Real PCT - Wanted PCT - Time Play
Normal Forward
1 - 33% - 40% - 14:59
2 - 26% - 30% - 11:47
3 - 25% - 20% - 11:34
4 - 16% - 10% - 7:16
Normal Defense
1 - 37% - 37% - 17:01
2 - 34% - 35% - 15:33
3 - 27% - 28% - 12:31
4 - 1% - 0% - 0:31
PP Forward
1 - 61% - 60% - 3:36
2 - 39% - 40% - 2:21
PP Defense
1 - 62% - 60% - 3:42
2 - 38% - 40% - 2:15
PK Forward
1 - 71% - 60% - 5:38
2 - 29% - 40% - 2:18
PK Defense
1 - 55% - 60% - 4:23
2 - 45% - 40% - 3:33
PK3 Forward
1 - 0% - 60%
2 - 0% - 40%
PK3 Defense
1 - 0% - 60%
2 - 0% - 40%
44 Forward
1 - 0% - 60%
2 - 0% - 40%
44 Defense
1 - 0% - 60%
2 - 0% - 40%
Last Minute Offensive - 0:31
Last Minute Defensive - 0:00
Total
Forward - 60:00
Defense - 60:00
|
Play-by-Play
1st period
0:01 of 1st period - William Karlsson wins face-off versus Nico Hischier in neutral zone.
0:26 of 1st period - Wrist shot by Drake Batherson.
0:26 of 1st period - Stopped by Stuart Skinner with a rebound.
0:28 of 1st period - Slapshot by Thomas Harley.
0:28 of 1st period - Stopped by Stuart Skinner without a rebound.
0:29 of 1st period - Michael McLeod wins face-off versus Evgeni Malkin in Minnesota North Stars zone.
0:30 of 1st period - Snap shot by Drake Batherson.
0:30 of 1st period - Shot Misses the Net.
0:59 of 1st period - Snap shot by Jordan Kyrou.
0:59 of 1st period - Shot Blocked by Ryan Nugent-Hopkins.
1:01 of 1st period - Slapshot by Brad Marchand.
1:01 of 1st period - Shot Hit the Post.
1:05 of 1st period - Snap shot by Brad Marchand.
1:05 of 1st period - Shot Misses the Net.
1:19 of 1st period - Wrist shot by Viktor Arvidsson.
1:19 of 1st period - Deflect By Evan Rodrigues.
1:19 of 1st period - Stopped by Jake Oettinger with a rebound.
1:21 of 1st period - Slapshot by Gustav Forsling.
1:21 of 1st period - Shot Misses the Net.
1:23 of 1st period - Snap shot by Viktor Arvidsson.
1:23 of 1st period - Stopped by Jake Oettinger with a rebound.
1:40 of 1st period - Minor Penalty to Jamie Oleksiak for Tripping.
1:41 of 1st period - Michael McLeod wins face-off versus Jack Hughes in Washington Capitals zone.
1:41 of 1st period - Michael McLeod is hit by Jack Hughes.
2:13 of 1st period - David Savard is hit by Brandon Montour and loses puck.
2:24 of 1st period - Brad Marchand is hit by Brandon Montour and loses puck.
3:08 of 1st period - Slapshot by Jack Hughes.
3:08 of 1st period - Stopped by Jake Oettinger with a rebound.
3:10 of 1st period - Snap shot by Jack Hughes.
3:10 of 1st period - Stopped by Jake Oettinger without a rebound.
3:11 of 1st period - Michael McLeod wins face-off versus Valeri Nichushkin in Washington Capitals zone.
3:11 of 1st period - Michael McLeod is hit by Rasmus Dahlin.
3:40 of 1st period - Penalty to Jamie Oleksiak is over, Jamie Oleksiak is back on ice.
3:52 of 1st period - Slapshot by Michael McLeod.
3:52 of 1st period - Stopped by Stuart Skinner with a rebound.
3:54 of 1st period - Slapshot by Ian Cole.
3:54 of 1st period - Shot Misses the Net.
3:56 of 1st period - Snap shot by Michael McLeod.
3:56 of 1st period - Shot Blocked by Neal Pionk.
4:02 of 1st period - Wrist shot by Michael McLeod.
4:02 of 1st period - Shot Misses the Net.
4:04 of 1st period - Wrist shot by Jamie Oleksiak.
4:04 of 1st period - Stopped by Stuart Skinner without a rebound.
4:05 of 1st period - Evgeni Malkin wins face-off versus Nico Hischier in Minnesota North Stars zone.
4:12 of 1st period - Wrist shot by Alex Ovechkin.
4:12 of 1st period - Stopped by Stuart Skinner with a rebound.
4:20 of 1st period - Slapshot by Nico Hischier.
4:20 of 1st period - Shot Misses the Net.
4:22 of 1st period - Slapshot by David Savard.
4:22 of 1st period - Deflect By Alex Ovechkin.
4:22 of 1st period - Stopped by Stuart Skinner with a rebound.
4:44 of 1st period - Snap shot by Frank Vatrano.
4:44 of 1st period - Stopped by Jake Oettinger without a rebound.
4:45 of 1st period - Nico Hischier wins face-off versus Evan Rodrigues in Washington Capitals zone.
5:10 of 1st period - Snap shot by Brock Nelson.
5:10 of 1st period - Shot Blocked by John Carlson.
5:40 of 1st period - Brandon Montour is hit by Michael McLeod.
5:52 of 1st period - Snap shot by Fabian Zetterlund.
5:52 of 1st period - Stopped by Stuart Skinner without a rebound.
5:53 of 1st period - Jack Hughes wins face-off versus Derek Ryan in Minnesota North Stars zone.
6:15 of 1st period - Icing by Dylan DeMelo.
6:16 of 1st period - Nick Foligno wins face-off versus Evgeni Malkin in Minnesota North Stars zone.
6:17 of 1st period - Wrist shot by Jordan Kyrou.
6:17 of 1st period - Deflect By Brad Marchand.
6:17 of 1st period - Stopped by Stuart Skinner without a rebound.
6:18 of 1st period - Nick Foligno wins face-off versus Lawson Crouse in Minnesota North Stars zone.
6:31 of 1st period - Wrist shot by Brad Marchand.
6:31 of 1st period - Stopped by Stuart Skinner without a rebound.
6:32 of 1st period - William Karlsson wins face-off versus Nick Foligno in Minnesota North Stars zone.
8:12 of 1st period - Snap shot by William Karlsson.
8:12 of 1st period - Deflect By Brad Marchand.
8:12 of 1st period - Stopped by Jake Oettinger without a rebound.
8:13 of 1st period - Nico Hischier wins face-off versus Evgeni Malkin in Washington Capitals zone.
8:51 of 1st period - Slapshot by Drake Batherson.
8:51 of 1st period - Shot Blocked by Samuel Girard.
8:53 of 1st period - Slapshot by David Savard.
8:53 of 1st period - Stopped by Stuart Skinner with a rebound.
9:13 of 1st period - Snap shot by Fabian Zetterlund.
9:13 of 1st period - Shot Misses the Net.
9:23 of 1st period - Samuel Girard is hit by Nick Foligno and loses puck.
9:44 of 1st period - Frank Vatrano is hit by Jason Robertson and loses puck.
10:48 of 1st period - Wrist shot by Brad Marchand.
10:48 of 1st period - Stopped by Stuart Skinner without a rebound.
10:49 of 1st period - William Karlsson wins face-off versus Nick Foligno in Minnesota North Stars zone.
11:20 of 1st period - Ryan Nugent-Hopkins is hit by Nico Hischier and loses puck.
11:37 of 1st period - Slapshot by Evan Rodrigues.
11:37 of 1st period - Stopped by Jake Oettinger without a rebound.
11:38 of 1st period - Michael McLeod wins face-off versus Evan Rodrigues in Washington Capitals zone.
12:04 of 1st period - Snap shot by Jack Hughes.
12:04 of 1st period - Stopped by Jake Oettinger without a rebound.
12:05 of 1st period - Jack Hughes wins face-off versus Nico Hischier in Washington Capitals zone.
12:10 of 1st period - Slapshot by Ryan Nugent-Hopkins.
12:10 of 1st period - Stopped by Jake Oettinger with a rebound.
12:14 of 1st period - Wrist shot by Jack Hughes.
12:14 of 1st period - Deflect By Ryan Nugent-Hopkins.
12:14 of 1st period - Shot Misses the Net.
12:14 of 1st period - Puck is out of play.
12:15 of 1st period - William Karlsson wins face-off versus Nico Hischier in Washington Capitals zone.
12:27 of 1st period - William Karlsson is hit by Nico Hischier and loses puck.
13:32 of 1st period - Owen Tippett is hit by Brandon Montour and loses puck.
13:38 of 1st period - Icing by Drake Batherson.
13:39 of 1st period - Michael McLeod wins face-off versus Evgeni Malkin in Washington Capitals zone.
13:52 of 1st period - Wrist shot by Owen Tippett.
13:52 of 1st period - Goal by Owen Tippett - Minnesota North Stars : 0 - Washington Capitals : 1.
13:53 of 1st period - Alex Ovechkin wins face-off versus William Karlsson in neutral zone.
15:11 of 1st period - Wrist shot by Jordan Kyrou.
15:11 of 1st period - Stopped by Stuart Skinner without a rebound.
15:12 of 1st period - Jack Hughes wins face-off versus Nico Hischier in Minnesota North Stars zone.
16:02 of 1st period - Wrist shot by Evgeni Malkin.
16:02 of 1st period - Shot Blocked by David Savard.
16:04 of 1st period - Wrist shot by Evgeni Malkin.
16:04 of 1st period - Shot Blocked by Thomas Harley.
16:06 of 1st period - Slapshot by Dylan DeMelo.
16:06 of 1st period - Stopped by Jake Oettinger with a rebound.
16:08 of 1st period - Slapshot by Brock Nelson.
16:08 of 1st period - Shot Misses the Net.
16:10 of 1st period - Slapshot by Lawson Crouse.
16:10 of 1st period - Shot Misses the Net.
16:12 of 1st period - Slapshot by Dylan DeMelo.
16:12 of 1st period - Stopped by Jake Oettinger with a rebound.
16:28 of 1st period - Snap shot by Evan Rodrigues.
16:28 of 1st period - Deflect By Owen Tippett.
16:28 of 1st period - Shot Blocked by Thomas Harley.
16:28 of 1st period - Puck is out of play.
16:29 of 1st period - Nico Hischier wins face-off versus Evan Rodrigues in Washington Capitals zone.
16:46 of 1st period - Wrist shot by Jason Robertson.
16:46 of 1st period - Stopped by Stuart Skinner with a rebound.
17:13 of 1st period - Minor Penalty to Rasmus Dahlin for Tripping.
17:14 of 1st period - William Karlsson wins face-off versus Nico Hischier in Minnesota North Stars zone.
17:35 of 1st period - Thomas Harley is hit by Neal Pionk and loses puck.
17:48 of 1st period - Snap shot by Jason Robertson.
17:48 of 1st period - Shot Blocked by Dylan DeMelo.
17:50 of 1st period - Slapshot by John Carlson.
17:50 of 1st period - Stopped by Stuart Skinner with a rebound.
17:52 of 1st period - Snap shot by Thomas Harley.
17:52 of 1st period - Shot Misses the Net.
17:54 of 1st period - Wrist shot by Alex Ovechkin.
17:54 of 1st period - Stopped by Stuart Skinner with a rebound.
17:58 of 1st period - Slapshot by Alex Ovechkin.
17:58 of 1st period - Shot Misses the Net.
18:04 of 1st period - Wrist shot by Alex Ovechkin.
18:04 of 1st period - Stopped by Stuart Skinner with a rebound.
18:06 of 1st period - Wrist shot by Nico Hischier.
18:06 of 1st period - Stopped by Stuart Skinner without a rebound.
18:07 of 1st period - Ryan Nugent-Hopkins wins face-off versus Nick Foligno in Minnesota North Stars zone.
19:07 of 1st period - Icing by Nico Hischier.
19:08 of 1st period - Nick Foligno wins face-off versus William Karlsson in Washington Capitals zone.
19:13 of 1st period - Penalty to Rasmus Dahlin is over, Rasmus Dahlin is back on ice.
19:23 of 1st period - Vladislav Gavrikov is hit by Samuel Girard and loses puck.
Goals for this period are 0 for Minnesota North Stars vs 1 for Washington Capitals.
Shots for this period are 11 for Minnesota North Stars vs 18 for Washington Capitals.
2nd period
0:01 of 2nd period - William Karlsson wins face-off versus Nico Hischier in neutral zone.
0:08 of 2nd period - Snap shot by William Karlsson.
0:08 of 2nd period - Stopped by Jake Oettinger without a rebound.
0:09 of 2nd period - William Karlsson wins face-off versus Jason Robertson in Washington Capitals zone.
0:12 of 2nd period - Wrist shot by Valeri Nichushkin.
0:12 of 2nd period - Stopped by Jake Oettinger with a rebound.
0:30 of 2nd period - Wrist shot by Alex Ovechkin.
0:30 of 2nd period - Stopped by Stuart Skinner with a rebound.
0:34 of 2nd period - Wrist shot by Nico Hischier.
0:34 of 2nd period - Stopped by Stuart Skinner without a rebound.
0:35 of 2nd period - Evgeni Malkin wins face-off versus Nick Foligno in Minnesota North Stars zone.
0:46 of 2nd period - Brad Marchand is hit by Lawson Crouse and loses puck.
1:13 of 2nd period - Minor Penalty to Drake Batherson for Slashing.
1:14 of 2nd period - Michael McLeod wins face-off versus Evgeni Malkin in Washington Capitals zone.
1:57 of 2nd period - Derek Ryan is hit by Neal Pionk and loses puck.
3:13 of 2nd period - Penalty to Drake Batherson is over, Drake Batherson is back on ice.
3:43 of 2nd period - Neal Pionk is hit by Derek Ryan and loses puck.
3:56 of 2nd period - Slapshot by Rasmus Dahlin.
3:56 of 2nd period - Stopped by Jake Oettinger with a rebound.
3:58 of 2nd period - Slapshot by Rasmus Dahlin.
3:58 of 2nd period - Deflect By Ryan Nugent-Hopkins.
3:58 of 2nd period - Shot Hit the Post.
3:58 of 2nd period - Puck is out of play.
3:59 of 2nd period - William Karlsson wins face-off versus Michael McLeod in Washington Capitals zone.
4:06 of 2nd period - Wrist shot by Valeri Nichushkin.
4:06 of 2nd period - Shot Blocked by John Carlson.
4:08 of 2nd period - Slapshot by Samuel Girard.
4:08 of 2nd period - Shot Blocked by Michael McLeod.
5:54 of 2nd period - Slapshot by Jordan Kyrou.
5:54 of 2nd period - Shot Misses the Net.
5:56 of 2nd period - Slapshot by Vladislav Gavrikov.
5:56 of 2nd period - Shot Blocked by Valeri Nichushkin.
5:58 of 2nd period - Snap shot by Brad Marchand.
5:58 of 2nd period - Shot Blocked by Samuel Girard.
6:27 of 2nd period - Slapshot by Evgeni Malkin.
6:27 of 2nd period - Shot Blocked by John Carlson.
6:29 of 2nd period - Wrist shot by Brock Nelson.
6:29 of 2nd period - Stopped by Jake Oettinger without a rebound.
6:30 of 2nd period - Nico Hischier wins face-off versus Evgeni Malkin in Washington Capitals zone.
6:30 of 2nd period - Nico Hischier is hit by Gustav Forsling.
6:45 of 2nd period - Minor Penalty to Ian Cole for Interference.
6:46 of 2nd period - Michael McLeod wins face-off versus Jack Hughes in Washington Capitals zone.
8:19 of 2nd period - Snap shot by Nick Foligno.
8:19 of 2nd period - Shot Blocked by Rasmus Dahlin.
8:45 of 2nd period - Penalty to Ian Cole is over, Ian Cole is back on ice.
8:53 of 2nd period - Snap shot by Alex Ovechkin.
8:53 of 2nd period - Stopped by Stuart Skinner with a rebound.
8:55 of 2nd period - Snap shot by Nico Hischier.
8:55 of 2nd period - Shot Blocked by Brandon Montour.
8:57 of 2nd period - Wrist shot by Alex Ovechkin.
8:57 of 2nd period - Shot Blocked by Brandon Montour.
8:59 of 2nd period - Slapshot by David Savard.
8:59 of 2nd period - Shot Misses the Net.
9:01 of 2nd period - Slapshot by Jason Robertson.
9:01 of 2nd period - Shot Blocked by Jack Hughes.
9:11 of 2nd period - Snap shot by William Eklund.
9:11 of 2nd period - Stopped by Jake Oettinger without a rebound.
9:12 of 2nd period - Ryan Nugent-Hopkins wins face-off versus Fabian Zetterlund in Washington Capitals zone.
9:17 of 2nd period - Snap shot by Ryan Nugent-Hopkins.
9:17 of 2nd period - Shot Blocked by Ian Cole.
10:25 of 2nd period - Ian Cole is hit by Samuel Girard and loses puck.
10:54 of 2nd period - Alex Ovechkin is hit by Lawson Crouse and loses puck.
11:09 of 2nd period - Slapshot by Fabian Zetterlund.
11:09 of 2nd period - Stopped by Stuart Skinner with a rebound.
12:25 of 2nd period - Samuel Girard is hit by Fabian Zetterlund.
12:29 of 2nd period - Dylan DeMelo is hit by Derek Ryan and loses puck.
13:15 of 2nd period - Icing by Jordan Kyrou.
13:16 of 2nd period - Evgeni Malkin wins face-off versus Nick Foligno in Washington Capitals zone.
13:51 of 2nd period - Snap shot by Jordan Kyrou.
13:51 of 2nd period - Deflect By Brandon Montour.
13:51 of 2nd period - Shot Blocked by Gustav Forsling.
13:51 of 2nd period - Puck is out of play.
13:52 of 2nd period - Jack Hughes wins face-off versus Nico Hischier in Minnesota North Stars zone.
14:09 of 2nd period - Snap shot by Ryan Nugent-Hopkins.
14:09 of 2nd period - Stopped by Jake Oettinger without a rebound.
14:10 of 2nd period - Michael McLeod wins face-off versus Evgeni Malkin in Washington Capitals zone.
14:31 of 2nd period - Minor Penalty to Evgeni Malkin for Roughing.
14:32 of 2nd period - Nico Hischier wins face-off versus Ryan Nugent-Hopkins in Minnesota North Stars zone.
14:39 of 2nd period - Slapshot by Alex Ovechkin.
14:39 of 2nd period - Shot Blocked by Ryan Nugent-Hopkins.
14:41 of 2nd period - Snap shot by Alex Ovechkin.
14:41 of 2nd period - Stopped by Stuart Skinner with a rebound.
14:43 of 2nd period - Snap shot by Alex Ovechkin.
14:43 of 2nd period - Shot Misses the Net.
14:45 of 2nd period - Slapshot by John Carlson.
14:45 of 2nd period - Deflect By Ryan Nugent-Hopkins.
14:45 of 2nd period - Stopped by Stuart Skinner with a rebound.
14:47 of 2nd period - Slapshot by Thomas Harley.
14:47 of 2nd period - Stopped by Stuart Skinner with a rebound.
14:49 of 2nd period - Snap shot by Nico Hischier.
14:49 of 2nd period - Shot Blocked by Gustav Forsling.
16:31 of 2nd period - Penalty to Evgeni Malkin is over, Evgeni Malkin is back on ice.
17:00 of 2nd period - Snap shot by Evgeni Malkin.
17:00 of 2nd period - Shot Misses the Net.
17:02 of 2nd period - Snap shot by Evgeni Malkin.
17:02 of 2nd period - Stopped by Jake Oettinger without a rebound.
17:03 of 2nd period - Derek Ryan wins face-off versus Evgeni Malkin in Washington Capitals zone.
17:14 of 2nd period - Snap shot by Evgeni Malkin.
17:14 of 2nd period - Shot Blocked by John Carlson.
17:26 of 2nd period - Jack Hughes is hit by Brad Marchand and loses puck.
17:49 of 2nd period - Owen Tippett is hit by Dylan DeMelo and loses puck.
17:56 of 2nd period - Slapshot by Viktor Arvidsson.
17:56 of 2nd period - Shot Misses the Net.
18:20 of 2nd period - Snap shot by Valeri Nichushkin.
18:20 of 2nd period - Stopped by Jake Oettinger without a rebound.
18:21 of 2nd period - Nick Foligno wins face-off versus Evgeni Malkin in Washington Capitals zone.
18:28 of 2nd period - Wrist shot by Brock Nelson.
18:28 of 2nd period - Shot Hit the Post.
18:50 of 2nd period - Snap shot by Jason Robertson.
18:50 of 2nd period - Shot Misses the Net.
18:52 of 2nd period - Slapshot by Jamie Oleksiak.
18:52 of 2nd period - Stopped by Stuart Skinner with a rebound.
19:34 of 2nd period - Snap shot by Frank Vatrano.
19:34 of 2nd period - Shot Blocked by Ian Cole.
19:50 of 2nd period - Snap shot by Brad Marchand.
19:50 of 2nd period - Stopped by Stuart Skinner with a rebound.
Goals for this period are 0 for Minnesota North Stars vs 0 for Washington Capitals.
Shots for this period are 8 for Minnesota North Stars vs 9 for Washington Capitals.
3rd period
0:01 of 3rd period - William Karlsson wins face-off versus Nico Hischier in neutral zone.
0:12 of 3rd period - Snap shot by Nico Hischier.
0:12 of 3rd period - Stopped by Stuart Skinner without a rebound.
0:13 of 3rd period - Nico Hischier wins face-off versus William Karlsson in Minnesota North Stars zone.
1:27 of 3rd period - Wrist shot by Fabian Zetterlund.
1:27 of 3rd period - Deflect By Dylan DeMelo.
1:27 of 3rd period - Stopped by Stuart Skinner without a rebound.
1:28 of 3rd period - William Karlsson wins face-off versus Jason Robertson in Minnesota North Stars zone.
1:28 of 3rd period - William Karlsson is hit by Jamie Oleksiak.
2:05 of 3rd period - Snap shot by Jordan Kyrou.
2:05 of 3rd period - Shot Misses the Net.
2:54 of 3rd period - Minor Penalty to Evan Rodrigues for Slashing.
2:55 of 3rd period - William Karlsson wins face-off versus Nico Hischier in Minnesota North Stars zone.
2:55 of 3rd period - William Karlsson is hit by Nico Hischier.
4:54 of 3rd period - Penalty to Evan Rodrigues is over, Evan Rodrigues is back on ice.
5:10 of 3rd period - Snap shot by Yegor Sharangovich.
5:10 of 3rd period - Stopped by Jake Oettinger without a rebound.
5:11 of 3rd period - Michael McLeod wins face-off versus Evan Rodrigues in Washington Capitals zone.
5:57 of 3rd period - David Savard is hit by William Karlsson and loses puck.
6:26 of 3rd period - Slapshot by Ryan Nugent-Hopkins.
6:26 of 3rd period - Stopped by Jake Oettinger without a rebound.
6:27 of 3rd period - Nick Foligno wins face-off versus Valeri Nichushkin in Washington Capitals zone.
6:43 of 3rd period - Slapshot by Valeri Nichushkin.
6:43 of 3rd period - Shot Blocked by David Savard.
7:19 of 3rd period - Wrist shot by Jack Hughes.
7:19 of 3rd period - Shot Misses the Net.
7:21 of 3rd period - Slapshot by Rasmus Dahlin.
7:21 of 3rd period - Stopped by Jake Oettinger without a rebound.
7:22 of 3rd period - Nico Hischier wins face-off versus Frank Vatrano in Washington Capitals zone.
7:31 of 3rd period - Gustav Forsling is hit by Jamie Oleksiak and loses puck.
7:48 of 3rd period - Brad Marchand is hit by Ryan Nugent-Hopkins and loses puck.
8:35 of 3rd period - Slapshot by William Eklund.
8:35 of 3rd period - Stopped by Jake Oettinger without a rebound.
8:36 of 3rd period - Nico Hischier wins face-off versus Viktor Arvidsson in Washington Capitals zone.
9:11 of 3rd period - Snap shot by Frank Vatrano.
9:11 of 3rd period - Shot Blocked by David Savard.
9:13 of 3rd period - Snap shot by Frank Vatrano.
9:13 of 3rd period - Stopped by Jake Oettinger with a rebound.
9:15 of 3rd period - Wrist shot by Frank Vatrano.
9:15 of 3rd period - Shot Misses the Net.
9:33 of 3rd period - Snap shot by Drake Batherson.
9:33 of 3rd period - Stopped by Stuart Skinner with a rebound.
9:35 of 3rd period - Slapshot by Thomas Harley.
9:35 of 3rd period - Stopped by Stuart Skinner with a rebound.
9:37 of 3rd period - Wrist shot by Owen Tippett.
9:37 of 3rd period - Stopped by Stuart Skinner with a rebound.
9:51 of 3rd period - Wrist shot by Alex Ovechkin.
9:51 of 3rd period - Shot Misses the Net.
9:53 of 3rd period - Snap shot by Nico Hischier.
9:53 of 3rd period - Shot Misses the Net.
10:27 of 3rd period - Snap shot by Frank Vatrano.
10:27 of 3rd period - Goal by Frank Vatrano - Minnesota North Stars : 1 - Washington Capitals : 1.
10:28 of 3rd period - Nico Hischier wins face-off versus William Karlsson in neutral zone.
10:39 of 3rd period - Jason Robertson is hit by William Karlsson and loses puck.
10:54 of 3rd period - Snap shot by Drake Batherson.
10:54 of 3rd period - Stopped by Stuart Skinner without a rebound.
10:55 of 3rd period - Evgeni Malkin wins face-off versus Michael McLeod in Minnesota North Stars zone.
11:02 of 3rd period - Evgeni Malkin is hit by Drake Batherson and loses puck.
12:36 of 3rd period - Snap shot by William Eklund.
12:36 of 3rd period - Stopped by Jake Oettinger without a rebound.
12:37 of 3rd period - Nico Hischier wins face-off versus Evan Rodrigues in Washington Capitals zone.
12:44 of 3rd period - Slapshot by Viktor Arvidsson.
12:44 of 3rd period - Shot Misses the Net.
12:47 of 3rd period - Icing by Jason Robertson.
12:48 of 3rd period - Jack Hughes wins face-off versus Jason Robertson in Washington Capitals zone.
13:42 of 3rd period - Icing by Jamie Oleksiak.
13:43 of 3rd period - Michael McLeod wins face-off versus Brock Nelson in Washington Capitals zone.
14:14 of 3rd period - Slapshot by Jack Hughes.
14:14 of 3rd period - Shot Blocked by Nico Hischier.
14:18 of 3rd period - Slapshot by Jack Hughes.
14:18 of 3rd period - Stopped by Jake Oettinger without a rebound.
14:19 of 3rd period - William Karlsson wins face-off versus Nick Foligno in Washington Capitals zone.
14:24 of 3rd period - Slapshot by William Karlsson.
14:24 of 3rd period - Shot Misses the Net.
14:30 of 3rd period - William Karlsson is hit by Nick Foligno and loses puck.
15:24 of 3rd period - Minor Penalty to Ian Cole for Hooking.
15:25 of 3rd period - Evgeni Malkin wins face-off versus Brad Marchand in Washington Capitals zone.
15:38 of 3rd period - Wrist shot by Evgeni Malkin.
15:38 of 3rd period - Shot Misses the Net.
15:40 of 3rd period - Slapshot by Neal Pionk.
15:40 of 3rd period - Deflect By Evgeni Malkin.
15:40 of 3rd period - Stopped by Jake Oettinger with a rebound.
17:24 of 3rd period - Penalty to Ian Cole is over, Ian Cole is back on ice.
17:43 of 3rd period - Snap shot by Lawson Crouse.
17:43 of 3rd period - Stopped by Jake Oettinger without a rebound.
17:44 of 3rd period - Nico Hischier wins face-off versus Brock Nelson in Washington Capitals zone.
17:44 of 3rd period - Nico Hischier is hit by Lawson Crouse.
17:54 of 3rd period - Slapshot by Nico Hischier.
17:54 of 3rd period - Deflect By Jason Robertson.
17:54 of 3rd period - Stopped by Stuart Skinner without a rebound.
17:55 of 3rd period - William Karlsson wins face-off versus Nico Hischier in Minnesota North Stars zone.
17:59 of 3rd period - Off-side.
18:00 of 3rd period - Nico Hischier wins face-off versus Valeri Nichushkin in neutral zone.
18:07 of 3rd period - Slapshot by William Karlsson.
18:07 of 3rd period - Stopped by Jake Oettinger without a rebound.
18:08 of 3rd period - Jack Hughes wins face-off versus Michael McLeod in Washington Capitals zone.
18:14 of 3rd period - Off-side.
18:15 of 3rd period - Michael McLeod wins face-off versus Jack Hughes in neutral zone.
19:10 of 3rd period - Snap shot by William Eklund.
19:10 of 3rd period - Stopped by Jake Oettinger without a rebound.
19:11 of 3rd period - Evan Rodrigues wins face-off versus Owen Tippett in Washington Capitals zone.
19:12 of 3rd period - Wrist shot by Viktor Arvidsson.
19:12 of 3rd period - Stopped by Jake Oettinger without a rebound.
19:13 of 3rd period - Michael McLeod wins face-off versus Evan Rodrigues in Washington Capitals zone.
19:26 of 3rd period - Snap shot by William Eklund.
19:26 of 3rd period - Shot Blocked by Michael McLeod.
19:28 of 3rd period - Slapshot by Evan Rodrigues.
19:28 of 3rd period - Goal by Evan Rodrigues - Minnesota North Stars : 2 - Washington Capitals : 1.
19:29 of 3rd period - William Karlsson wins face-off versus Nico Hischier in neutral zone.
19:32 of 3rd period - Wrist shot by Valeri Nichushkin.
19:32 of 3rd period - Shot Misses the Net.
19:34 of 3rd period - Backhand shot by Rasmus Dahlin.
19:34 of 3rd period - Deflect By Thomas Harley.
19:34 of 3rd period - Shot Misses the Net.
19:34 of 3rd period - Puck is out of play.
19:35 of 3rd period - Ken Hitchcock call a timeout for Washington Capitals.
19:35 of 3rd period - Nico Hischier wins face-off versus William Karlsson in Washington Capitals zone.
19:40 of 3rd period - Washington Capitals, Jake Oettinger is pulled from the net.
19:54 of 3rd period - Snap shot by Alex Ovechkin.
19:54 of 3rd period - Deflect By Valeri Nichushkin.
19:54 of 3rd period - Stopped by Stuart Skinner without a rebound.
19:55 of 3rd period - Frank Vatrano wins face-off versus Nico Hischier in Minnesota North Stars zone.
19:55 of 3rd period - Frank Vatrano is hit by John Carlson.
Goals for this period are 2 for Minnesota North Stars vs 0 for Washington Capitals.
Shots for this period are 14 for Minnesota North Stars vs 8 for Washington Capitals.
Back to the Top